healhack, neutral female gnomish Healer ----- ----- |...| |...| |..>+########## ------- |...| |...|#################### |...^.| |...| --.--# ### --------- |.....-# #....| #### # |...|...| |.....|# ###---.- ### ###|...|...| -|-.---# # # # #....|...| #### # ### ### ##f |.......| # # # # # -@- |...|>..| ### # # ### ### ..q.. |..<|...-#### # # ### # # ...q...| |...-...| # -.---.------# ### ### .........| --------- ### |..........|#### # |.%........| # |..........| ### ### ------------ ##...........| ####--.------------- |.(.........## #-..............| ------------ |..............| ---------------- healhack the Rhizotomist Experience level: 1 Strength: 10 Dexterity: 8 Constitution: 14 Intelligence: 12 Wisdom: 16 Charisma: 16 Health: 0(12) Energy: 5(5) AC: 8 Gold: 2042 Moves: 1427 Your Inventory: Coins $ - 2042 gold pieces Weapons a - an uncursed +0 scalpel (weapon in hand) q - an [uncursed +0] long sword w - 14 [uncursed +0] darts Armor b - an uncursed +1 pair of leather gloves (being worn) v - an [uncursed +0] iron skull cap [orcish helm] z - a [blessed +2] chain mail [of displacement] Comestibles k - 5 uncursed apples l - an uncursed tin of fox meat s - an [uncursed] food ration Spellbooks h - a blessed spellbook of healing i - a blessed spellbook of extra healing j - a blessed spellbook of stone to flesh x - an [uncursed] dark spellbook [of detect food] Potions d - 2 uncursed potions of healing e - 2 blessed potions of healing f - 4 uncursed potions of extra healing m - an uncursed milky potion [of gain energy] p - an [uncursed] cloudy potion [of sleeping] r - a [cursed] emerald potion [of fruit juice] t - an [uncursed] orange potion [of gain ability] A - an [uncursed] slimy potion [of booze] Wands g - an uncursed wand of sleep (0:8) Tools c - an uncursed stethoscope Gems o - an [uncursed] yellowish brown gem [worthless glass] Spells known in the end: Name Level Category Fail Memory a - healing 1 healing 0% [||||||||] b - extra healing 3 healing 54% [||||||||] c - stone to flesh 3 healing 64% [||||||||] Your skills at the end: Fighting Skills Weapon Skills knife [Basic] Spellcasting Skills healing spells [Basic] Final Attributes: You were devoutly aligned. Hunger level was 86. Your alignment was 15 / 17. Monster difficulty range was 0 - 2. Level difficulty was 4. You were immune to poison. You had infravision. Your luck was zero. You are dead. Vanquished creatures: a pony a kobold lord a rothe 3 coyotes a yellow mold a gecko 2 jackals a fox a kobold a goblin 2 sewer rats a grid bug 3 lichens a kobold zombie 3 newts 23 creatures vanquished. Voluntary challenges: You used a wielded weapon 10 times. You read items or engraved 9 times. You put on armor 1 time. You never genocided any monsters. You never polymorphed an object. You never changed form. You used no wishes. You wrote Elbereth's name 8 times. You never encountered a bones level. You never used any Sokoban shortcuts. Dungeon overview: The Dungeons of Doom: levels 1 to 5 Level 1 a fountain a long staircase Level 2 an altar, some fountains Level 3 a fountain Level 4 <- You were here stairs to The Gnomish Mines The Gnomish Mines: Level 5 stairs to The Dungeons of Doom History has recorded: On T:1 you entered the Dungeons of Doom to retrieve the Amulet of Yendor! On T:398 you reached level 2 of The Dungeons of Doom. On T:598 you reached level 3 of The Dungeons of Doom. On T:995 you reached level 4 of The Dungeons of Doom. On T:1023 you reached level 1 of The Gnomish Mines. On T:1304 you reached level 5 of The Dungeons of Doom. Latest messages: You hear some noises. [2 turns] You displaced Wario. You hear some noises. Hit points restored. [13 turns] [2 turns] You are beginning to feel hungry. You stop searching. [25 turns] [2 turns] You displaced Wario. [2 turns] (2x) [29 turns] You find a secret door. You feel agile! You must have been working on your reflexes. [22 turns] The door opens. The rothe hits! The rothe bites! (2x) You die... Final status: Goodbye healhack the Healer... You died in The Dungeons of Doom on dungeon level 4 with 920 points, and 2042 pieces of gold, after 1427 moves. You were level 1 with a maximum of 12 hit points when you died.